 Dungeon Crawl Stone Soup version 0.29-a0-384-g6960b1960d (webtiles) character file.

Game seed: 1968186783075470780

7 domi the Magician (level 1, 0/13 HPs)
             Began as a Demonspawn Hedge Wizard on May 7, 2022.
             Frozen to death by an endoplasm (5 damage)
             ... on level 1 of the Dungeon.
             The game lasted 00:00:33 (350 turns).

domi the Magician (Demonspawn Hedge Wizard)          Turns: 350, Time: 00:00:34

Health: 0/13       AC:  2    Str: 10    XL:     1   Next: 83%
Magic:  0/4        EV: 12    Int: 15    God:
Gold:   9          SH:  0    Dex: 12    Spells: 5/6 levels left

rFire   . . .      SeeInvis .   a - +0 dagger
rCold   . . .      Faith    .   (no shield)
rNeg    . . .      Spirit   .   b - +0 robe
rPois   .          Reflect  .   c - +0 hat
rElec   .          Harm     .   (no cloak)
rCorr   .          Rampage  .   (no gloves)
Will    .....                   (no boots)
Stlth   ++........              (no amulet)
HPRegen 0.04/turn               (no ring)
MPRegen 0.09/turn               (no ring)

@: no status effects
A: no striking features
a: no special abilities


You were on level 1 of the Dungeon.
You visited 1 branch of the dungeon, and saw 1 of its levels.

You collected 9 gold pieces.

Inventory:

Hand Weapons
 a - a +0 dagger (weapon)
Armour
 b - a +0 robe (worn)
 c - a +0 hat (worn)
Scrolls
 f - a scroll of identify {unknown}
Potions
 d - a potion of magic
 e - a potion of mutation {unknown}
 g - a potion of ambrosia {unknown}


   Skills:
 - Level 1.7 Dodging
 - Level 1.7 Stealth
 - Level 3.0 Spellcasting
 + Level 2.0 Conjurations
 - Level 1.0 Summonings
 - Level 0.8 Translocations


You had 5 spell levels left.
You knew the following spells:

 Your Spells              Type           Power      Damage    Failure   Level
z - Magic Dart            Conj           32%        1d4       9%          1

Your spell library contained the following spells:

 Spells                   Type           Power      Damage    Failure   Level
 Slow                     Hex            8%         N/A       21%         1
 Call Imp                 Summ           5%         N/A       21%         2
 Blink                    Tloc           8%         N/A       22%         2
 Conjure Flame            Conj/Fire      5%         6-21      36%         3
 Mephitic Cloud           Conj/Pois/Air  4%         N/A       43%         3


Dungeon Overview and Level Annotations

Branches:
Dungeon (1/15)

Altars:


Message History

You closely miss the hobgoblin. The hobgoblin hits you.
You take 4 damage, and have 9/13 hp.
MASSIVE DAMAGE!!
You barely miss the hobgoblin. The hobgoblin closely misses you.
You hit the hobgoblin.
You kill the hobgoblin!
Your magical contamination has completely faded away.
You see here a hobgoblin corpse.
A hobgoblin comes into view.
Health restored: 13; MP restored: 4 A hobgoblin is nearby!
A hobgoblin is nearby!
A hobgoblin is nearby!
A hobgoblin is nearby!
Aim: a hobgoblin (100% to hit)
The magic dart hits the hobgoblin.
You now have 3/4 mp.
Aim: a hobgoblin (lightly wounded, 100% to hit)
The magic dart hits the hobgoblin.
You now have 2/4 mp.
Aim: a hobgoblin (severely wounded, 100% to hit)
You miscast Magic Dart.
You are very lightly contaminated with residual magic.
Nothing appears to happen.
You now have 1/4 mp.
Aim: a hobgoblin (severely wounded, 100% to hit)
The magic dart hits the hobgoblin.
You kill the hobgoblin!
You now have 0/4 mp.
You don't have enough magic to cast this spell.
You don't have enough magic to cast this spell.
You don't have enough magic to cast this spell.
Your magical contamination has completely faded away.
An endoplasm and a hobgoblin come into view.
The hobgoblin shouts!
The endoplasm moves out of view.
MP restored: 4 A hobgoblin is nearby!
A hobgoblin is nearby!
A hobgoblin is nearby!
You can't see any susceptible monsters within range! (Use Z to cast anyway.) Unknown command.
Unknown command.
You can't see any susceptible monsters within range! (Use Z to cast anyway.) Unknown command.
A goblin comes into view. It is wielding a +0 dagger.
Aim: a hobgoblin (100% to hit)
The magic dart hits the hobgoblin but does no damage.
A giant cockroach comes into view.
You now have 3/4 mp.
Aim: a giant cockroach (wandering, hasn't noticed you, 100% to hit)
The magic dart hits the giant cockroach.
The endoplasm quivers.
The goblin shouts!
You now have 2/4 mp.
Aim: a hobgoblin (100% to hit)
The magic dart hits the hobgoblin.
The hobgoblin misses you.
You now have 1/4 mp.
Aim: a hobgoblin (moderately wounded, 100% to hit)
The magic dart hits the hobgoblin.
The hobgoblin completely misses you.
You now have 0/4 mp.
The hobgoblin attacks as you move away! The hobgoblin closely misses you.
You see here a hobgoblin corpse.
The giant cockroach attacks as you move away!
The giant cockroach bites you.
You take 2 damage, and have 11/13 hp.
The giant cockroach attacks as you move away!
The giant cockroach bites you but does no damage.
The hobgoblin attacks as you move away! The hobgoblin barely misses you.
The giant cockroach barely misses you. The hobgoblin attacks as you move away!
The hobgoblin barely misses you. The hobgoblin attacks as you move away!
The hobgoblin closely misses you.
You hit the giant cockroach. The giant cockroach misses you.
You hit the giant cockroach but do no damage.
The giant cockroach bites you but does no damage.
The giant cockroach bites you.
You take 2 damage, and have 9/13 hp.
You hit the giant cockroach.
You kill the giant cockroach!
Unknown command.
You barely miss the hobgoblin. The hobgoblin closely misses you.
You closely miss the hobgoblin. The hobgoblin barely misses you.
You hit the hobgoblin but do no damage. The hobgoblin barely misses you.
You hit the hobgoblin but do no damage. The hobgoblin hits you.
You take 3 damage, and have 6/13 hp.
MASSIVE DAMAGE!!
You closely miss the hobgoblin. The hobgoblin closely misses you.
You hit the hobgoblin. The hobgoblin barely misses you.
You hit the hobgoblin.
You kill the hobgoblin!
Your Conjurations skill increases to level 2!
Unknown command.
Aim: an endoplasm (100% to hit)
The magic dart hits the endoplasm.
The endoplasm hits you.
You take 1 damage, and have 5/13 hp.
You now have 1/4 mp.
Aim: an endoplasm (lightly wounded, 100% to hit)
The magic dart hits the endoplasm.
The endoplasm freezes you.
You are frozen.
You die...

...........
##################
......
#.................
..#.#
#.#######.........
#....
####.#...............
#.#.
#....................
#!..
#....#......#........
..#####.
#....########.#######
#....... #....#
#...@Jg.###+##.#.#.#.
#....#
#######..............
#....#
#....#...†....#.#.#.
#....#
#.##.#......#.......
#....####### #.
.#......#.#.#.#.
#..†.#...... #.
.#.....†#.......
#....#...... ..
........#.......
#....#....[. ..
#..#####.########
#....#...... .... #.#


You could see an endoplasm and a goblin.

Vanquished Creatures
  A bat (D:1)
  A giant cockroach (D:1)
  3 hobgoblins (D:1)
5 creatures vanquished.

Notes
Turn   | Place    | Note
-------+----------+-------------------------------------------
     0 | D:1      | domi the Demonspawn Hedge Wizard began the quest for the
                  | Orb.
     0 | D:1      | Reached XP level 1. HP: 13/13 MP: 4/4
   349 | D:1      | Reached skill level 2 in Conjurations
   350 | D:1      | Frozen to death by an endoplasm

Illustrated notes

Levels and vault maps discovered:
D:1:      lightli_arrival_quake, layout_basic, serial_co_window_serial,
          co_window_paths_b, co_window_paths_b, co_window_paths_b,
          co_window_paths_b, co_window_paths_b, co_window_paths_c,
          co_window_broadway_b, co_window_cross_3, co_window_of_opportunity_b,
          co_window_cross_4, co_window_paths_c, co_window_4corner_a,
          glass_columns_b, glass_columns_a, glass_columns_c, glass_columns_c,
          glass_columns_b, chequers_decorated_corner

Skill      XL: |  1 |
---------------+----+-----
Conjurations   | 2 |  2.0
Dodging        | |  1.7
Stealth        | |  1.7
Spellcasting   | |  3.0
Summonings     | |  1.0
Translocations | |  0.8

Action                   || total
-------------------------++-------
Melee: Dagger            ||    14
 Cast: Magic Dart        ||    15
Armor: Robe              ||     3
Dodge: Dodged            ||    16

Table legend: (Time is in decaauts)
 A = Elapsed time spent in this place.
 B = Non-inter-level travel time spent in this place.
 C = Inter-level travel time spent in this place.
 D = Time resting spent in this place.
 E = Time spent auto-exploring this place.
 F = Levels seen in this place.
 G = Mean time per level.
                   A        B        C        D        E       F      G
               +--------+--------+--------+--------+--------+-----+--------+
         Total |    350 |    350 |      0 |      0 |    292 |   1 |  350.0 |
       Dungeon |    350 |    350 |      0 |      0 |    292 |   1 |  350.0 |
               +--------+--------+--------+--------+--------+-----+--------+

Top non-repeatable levels by time:
     D:1: 350 daAuts

Table legend:
 A = Kills in this place as a percentage of kills in entire the game.
 B = Kills by you in this place as a percentage of kills by you in the entire game.
 C = Kills by friends in this place as a percentage of kills by friends in the entire game.
 D = Other kills in this place as a percentage of other kills in the entire game.
 E = Experience gained in this place as a percentage of experience gained in the entire game.
 F = Experience gained in this place divided by the number of levels of this place that you have seen.
                   A       B       C       D       E      F
               +-------+-------+-------+-------+-------+----------------------
         Total | 100.0 | 100.0 |   N/A |   N/A | 100.0 |  10.0
       Dungeon | 100.0 | 100.0 |   N/A |   N/A | 100.0 |  10.0
               +-------+-------+-------+-------+-------+----------------------
